 Dungeon Crawl Stone Soup version 0.30-a0-743-gbfdf073431 (webtiles) character file.

Game seed: 16733867127386048650

47 Leeroy the Slasher (level 3, 0/18 HPs)
             Began as a Vine Stalker Warper on Feb 5, 2023.
             Slain by Sigmund
             ... wielding a +0 scythe
              (6 damage)
             ... on level 2 of the Dungeon.
             The game lasted 00:02:37 (1117 turns).

Leeroy the Slasher (Vine Stalker Warper)            Turns: 1117, Time: 00:02:37

Health: 0/18       AC:  4    Str: 13    XL:     3   Next: 70%
Magic:  0/7        EV: 11    Int: 13    God:
Gold:   114        SH:  0    Dex: 15    Spells: 6/6 levels left

rFire   . . .      SeeInvis .    l - +0 short sword (drain)
rCold   . . .      Faith    .    (no shield)
rNeg    . . .      Spirit   +    b - +0 leather armour
rPois   .          Reflect  .    (no helmet)
rElec   .          Harm     .    i - +0 cloak
rCorr   .          Rampage  .    (no gloves)
Will    .....                    (no boots)
Stlth   +                        (no amulet)
HPRegen 0.23/turn                (no ring)
MPRegen 0.10/turn                (no ring)

@: no status effects
A: fangs 2, magic shield, antimagic bite, no potion heal 2
a: no special abilities


You were on level 2 of the Dungeon.
You visited 1 branch of the dungeon, and saw 2 of its levels.

You collected 114 gold pieces.

Inventory:

Hand Weapons
 a - a +0 falchion
 j - a +1 spear of distortion
 l - a +0 short sword of draining (weapon)
Missiles
 d - 7 boomerangs of dispersal (quivered)
Armour
 b - a +0 leather armour (worn)
 i - a +0 cloak (worn)
Scrolls
 c - a scroll of blinking
 g - a scroll of vulnerability {unknown}
 k - a scroll of noise {unknown}
 m - a scroll of enchant weapon {unknown}
Potions
 e - a potion of heal wounds {unknown}
 f - 3 potions of curing {unknown}
 h - a potion of flight {unknown}


   Skills:
 - Level 1.7 Fighting
 + Level 3.6 Long Blades
 - Level 0.8 Throwing
 - Level 0.7 Armour
 - Level 1.5 Dodging
 - Level 2.1 Spellcasting
 - Level 3.0 Translocations


You had 6 spell levels left.
You didn't know any spells.
Your spell library contained the following spells:

 Spells                   Type           Power      Damage    Failure   Level
 Blink                    Tloc           18%        N/A       14%         2
 Lesser Beckoning         Tloc           18%        N/A       14%         2
 Teleport Other           Tloc           9%         N/A       28%         3
 Vhi's Electric Charge    Tloc/Air       10%        N/A       45%         3
 Manifold Assault         Tloc           9%         N/A       67%         4


Dungeon Overview and Level Annotations

Branches:
Dungeon (2/15)

Altars:

Annotations:
D:2 Sigmund


Innate Abilities, Weirdness & Mutations

You have extremely sharp teeth.
When hurt, damage is shared between your health and your magic reserves.
Your bite disrupts and absorbs the magic of your enemies.
Potions cannot restore your health.


Message History

The worm completely misses you.
You barely miss the worm.
The worm is almost dead.
You hit the worm.
You kill the worm!
You see here a +0 dagger.
HP restored.
An endoplasm comes into view.
The endoplasm quivers.
The endoplasm moves out of view.
Sigmund the Dreaded comes into view.
He is wielding a +0 scythe and wearing a +1 robe of fire resistance.
Found 14 gold pieces.
Sigmund shouts!
Sigmund mumbles some strange words.
Sigmund flickers and vanishes!
Deactivating autopickup; reactivate with Ctrl-A.
A bat comes into view.
The bat closely misses you. The bat barely misses you.
You closely miss the bat. Your bite misses the bat.
The bat barely misses you. x2
You hit the bat. You drain the bat.
You kill the bat!
Something hits you but does no damage.
You see here a bat corpse.
A kobold comes into view. It is wielding a +0 dagger.
The kobold shouts!
You hear a shout! x3
You hit something.
You hear some strange, mumbled words.
Something tries to affect you, but you resist.
You closely miss something. Something hits you.
You hit something. Your bite misses something.
The kobold throws a stone.
The stone barely misses you.
You miss something. Something hits you.
You hit something.
The kobold throws a stone.
The stone closely misses you. Something hits you but does no damage.
You miss something. You miss something. Something hits you!
You miss something. You bite something. You drain its magic.
You feel invigorated.
You closely miss something. You bite something. Something hits you!
You die...

###.# #.# #.# #.#
.... #.# #.# ≈.≈.
#.# #.. .§... #.#
#.# §≈§§. #.#
#.#§§§.§.
#.########.#≈.§.≈.
#..........{JK..§§
##########@#≈.≈.≈.
#†# ...{. #.# ≈.≈.
#.$......
####.≈.≈. ##.#


You could see an endoplasm and a kobold.

Vanquished Creatures
  An adder (D:2)
  A worm (D:2)
  4 endoplasms (D:1)
  2 goblins (D:1)
  2 hobgoblins (D:1)
  4 jackals (D:1)
  A kobold (D:1)
  2 quokkas (D:1)
  2 ball pythons
  6 bats
  A frilled lizard (D:1)
  8 rats
34 creatures vanquished.

Notes
Turn   | Place    | Note
-------+----------+-------------------------------------------
     0 | D:1      | Leeroy the Vine Stalker Warper began the quest for the Orb.
     0 | D:1      | Reached XP level 1. HP: 11/11 MP: 4/4
   163 | D:1      | Reached XP level 2. HP: 15/15 MP: 6/6
   441 | D:1      | Reached XP level 3. HP: 13/18 MP: 5/7
  1100 | D:2      | Noticed Sigmund
  1117 | D:2      | Slain by Sigmund

Illustrated notes

Levels and vault maps discovered:
D:1:      dpeg_arrival_tiny_f, layout_loops_corners,
          chequers_serial_rivers_small_3, dreamdust_wishing_well,
          minmay_misc_feat_iff
D:2:      layout_loops_ring, kennysheep_crisscross, chequers_jeans, st_stairs_9,
          uniq_sigmund

Skill      XL: |  1  2 |
---------------+-------+-----
Long Blades    | 2 3 |  3.6
Fighting       | |  1.7
Throwing       | |  0.8
Armour         | |  0.7
Dodging        | |  1.5
Spellcasting   | |  2.1
Translocations | |  3.0

Action                     || total
---------------------------++-------
  Melee: Falchion          ||    64
         Bite              ||    23
         Short sword       ||    35
 Armour: Leather armour    ||    31
  Dodge: Dodged            ||    79

Table legend: (Time is in decaauts)
 A = Elapsed time spent in this place.
 B = Non-inter-level travel time spent in this place.
 C = Inter-level travel time spent in this place.
 D = Time resting spent in this place.
 E = Time spent auto-exploring this place.
 F = Levels seen in this place.
 G = Mean time per level.
                   A        B        C        D        E       F      G
               +--------+--------+--------+--------+--------+-----+--------+
         Total |   1127 |   1109 |     18 |      0 |    876 |   2 |  563.5 |
       Dungeon |   1127 |   1109 |     18 |      0 |    876 |   2 |  563.5 |
               +--------+--------+--------+--------+--------+-----+--------+

Top non-repeatable levels by time:
     D:1: 953 daAuts
     D:2: 173 daAuts
